 Dungeon Crawl Stone Soup version 0.23-a0-150-g7664ed7 (webtiles) character file.

26774 EvilAliv3 the Brawler (level 13, -6/159 HPs)
             Began as a Troll Berserker on Sept 7, 2018.
             Was an Elder of Trog.
             Killed from afar by a starcursed mass (8 damage)
             ... with an accursed screaming
             ... on level 1 of the Abyss.
             The game lasted 01:22:16 (11298 turns).

EvilAliv3 the Brawler (Troll Berserker)            Turns: 11298, Time: 01:22:17

Health: -6/159     AC: 26    Str: 34      XL:     13   Next: 0%
Magic:  10/10      EV:  1    Int: -4 (1)  God:    Trog [****..]
Gold:   724        SH: 16    Dex:  6 (9)  Spells: 12/12 levels left

rFire    . . .     SeeInvis .     - Unarmed
rCold    . . .     Gourm    +   Z - +0 large shield
rNeg     + + +     Faith    .   (armour currently unavailable)
rPois    +         Spirit   .   (helmet currently unavailable)
rElec    .         Reflect  .   (cloak currently unavailable)
rCorr    .         Harm     .   (gloves unavailable)
MR       ++...     NoTele   +   (boots unavailable)
Stlth    +.........             (no amulet)
HPRegen  1.76/turn              u - +2 ring of evasion
MPRegen  0.12/turn              E - +4 ring of strength

@: tree-form, berserk cooldown, regenerating, hasted and slowed, lost
intelligence
A: large, unfitting armour, [dopey 2], fast metabolism 3, [frail 2], gourmand,
low mp 1, regeneration 1, [no potion heal 2]
a: Berserk, Trog's Hand, Brothers in Arms, Renounce Religion


You were on level 1 of the Abyss.
You worshipped Trog.
Trog was greatly pleased with you.
You were not hungry.
You were a tree.
You visited 2 branches of the dungeon, and saw 13 of its levels.
You visited the Abyss 1 time.

You collected 794 gold pieces.
You spent 70 gold pieces at shops.

Inventory:

Hand Weapons
 b - a +3 flail
Missiles
 e - 220 stones
 h - 13 javelins
 y - 13 tomahawks (quivered)
 O - 5 poisoned javelins
 U - 3 throwing nets
Armour
 a - a scarf of repulsion
 K - a +1 cloak (melded)
 T - +0 steam dragon scales
 V - a +1 troll leather armour (melded) {Snorg}
 Z - a +0 large shield (worn)
Jewellery
 d - an uncursed ring of ice
 u - a +2 ring of evasion (left branch)
 x - an uncursed ring of fire
 z - an uncursed ring of protection from magic
 E - a +4 ring of strength (right branch)
 J - an uncursed ring of protection from magic
 P - an uncursed ring of see invisible
Wands
 D - a wand of flame (26)
 F - a wand of enslavement (18)
 H - a wand of iceblast (13)
 I - a wand of paralysis (41)
 Q - a wand of disintegration (14)
Scrolls
 f - 2 scrolls of magic mapping
 g - 2 scrolls of enchant armour
 i - 2 scrolls of enchant weapon
 j - a scroll of fog
 q - 3 scrolls of immolation
 r - 4 scrolls of remove curse
 t - 3 scrolls of blinking
 v - 4 scrolls of teleportation
Potions
 c - 5 potions of heal wounds
 k - 3 potions of flight
 l - 3 potions of curing
 m - a potion of magic
 o - 3 potions of agility
 p - 3 potions of brilliance
 B - 3 potions of lignification
 S - a potion of might
 Y - a potion of invisibility {unknown}
Comestibles
 M - 28 rations


   Skills:
 + Level 9.9 Fighting
 + Level 4.4 Throwing
 - Level 7.5 Dodging
 + Level 3.1 Shields
 * Level 15.4 Unarmed Combat


You had 12 spell levels left.
You didn't know any spells.
Your spell library was empty.

Dungeon Overview and Level Annotations

Branches:
Dungeon (11/15)            Temple (0/1) D:6            Lair (2/6) D:9
 Shoals (0/4) Lair:2          Orc (0/2) D:10
  Snake: Lair:2-4    Spider: Lair:2-4

Altars:
Cheibriados
Dithmenos
Elyvilon
Kikubaaqudgha
Yredelemnul
The Shining One

Shops:
D:6 [

Annotations:
D:8 1 runed door
D:10 3 runed doors
D:11 1 runed door, DemiseSR's ghost, novice DDFi
Lair:2 Sonja


Innate Abilities, Weirdness & Mutations

You are too large for most types of armour.
((You have claws for hands.))
Your metabolism is lightning-fast.
You like to eat raw meat.
Your natural rate of healing is unusually fast.
((You are covered in fur. (AC +1)))
((You have very tough skin. (AC +2)))
Your magical capacity is low. (-10% MP)
[You are very dopey. (Int -4)]
[You are very frail. (-20% HP)]
[Potions are poor at restoring your health.]


Message History

You destroy the wretched star!
Trog accepts your kill.
You feel the corruption within you wane somewhat.
Your vision sharpens a little.
Your vision sharpens.
You have reached level 13!
The substance of the Abyss twists violently, and a gateway leading out appears!
The thrashing horror tramples you but does no damage. x2
You block the smoke demon's attack. x2
The smoke demon hits you but does no damage.
The starcursed mass shrieks in your mind.
* * * LOW HITPOINT WARNING * * *
Your system partially rejects the healing.
You feel much better.
You block the thrashing horror's attack. x2
The thrashing horror tramples you but does no damage. x2
The smoke demon gestures at you. Something smites you!
* * * LOW HITPOINT WARNING * * *
The starcursed mass shrieks in your mind.
You die...

#....# .#.....
#..... #....#
.. .# ...# . .
...# # #
#§##### .##
#####♣.X..# ..
#..X.3...# . #
######.....#. #
## .
......#.......#
# #
........#..#..
.#. ......#
.... #
##.##.#..##
....
..##....[.. .##
..####.......#
..


You could see a starcursed mass, a thrashing horror and a smoke demon.

Vanquished Creatures
  A deep elf demonologist (Abyss:1)
  Snorg (D:11)
  Harold (D:11)
  Fannar (Lair:2)
  4 two-headed ogres
  5 death yaks (Lair:2)
  A wretched star (Abyss:1)
  2 large abominations (Abyss:1)
  A worldbinder (Abyss:1)
  A merfolk siren (Lair:2)
  Joseph (D:7)
  3 spiny frogs
  A smoke demon (Abyss:1)
  2 komodo dragons
  Grinder (D:3)
  Prince Ribbit (D:6)
  3 trolls
  4 hippogriffs
  Sigmund (D:2)
  A shadow (Abyss:1)
  17 yaks
  A basilisk (Lair:2)
  4 hogs (D:9)
  3 small abominations (Abyss:1)
  Eustachio (D:4)
  A neqoxec (Abyss:1)
  A human (D:9)
  A steam dragon (D:11)
  A hungry ghost (D:7)
  A soldier ant (D:10)
  A water moccasin (Lair:2)
  4 porcupines
  3 black bears
  5 orc warriors
  6 ice beasts
  7 starcursed masses (Abyss:1)
  5 ogres
  2 centaurs
  A phantom (D:9)
  A crocodile (Lair:1)
  2 big kobolds
  8 bullfrogs
  3 wyvern skeletons
  6 scorpions
  10 killer bees
  3 vampire bats (D:4)
  8 wights
  An electric eel (D:9)
  A howler monkey (D:4)
  6 crimson imps
  2 bullfrog zombies
  A gnoll shaman (D:9)
  A quasit (Abyss:1)
  3 bullfrog skeletons
  2 hounds (D:4)
  3 jellies
  16 orc priests
  15 orc wizards
  Jessica (D:2)
  6 iguanas
  Terence (D:2)
  7 worker ants
  2 killer bee zombies
  A hound zombie (D:10)
  3 hound skeletons
  2 worker ant zombies (D:7)
  A howler monkey zombie (D:7)
  15 gnolls
  7 adders
  A shadow imp (D:6)
  An ufetubus (Abyss:1)
  2 worms
  A dart slug (D:1)
  A leopard gecko (D:6)
  41 orcs
  A bat skeleton (D:4)
  5 bat zombies (D:4)
  7 goblins
  8 hobgoblins
  9 jackals
  20 kobolds
  3 quokkas (D:7)
  4 bats
  4 frilled lizards
  A jackal skeleton (D:6)
  A quokka skeleton (D:5)
  4 rats (D:1)
353 creatures vanquished.

Vanquished Creatures (collateral kills)
  A thrashing horror (Abyss:1)
  A spatial maelstrom (Abyss:1)
  A small abomination (Abyss:1)
  2 spatial vortices (Abyss:1)
5 creatures vanquished.

Vanquished Creatures (others)
  4 fungi
  6 plants (D:11)
10 creatures vanquished.

Grand Total: 368 creatures vanquished

Notes
Turn   | Place    | Note
-------+----------+-------------------------------------------
     0 | D:1      | EvilAliv3 the Troll Berserker began the quest for the Orb.
     0 | D:1      | Reached XP level 1. HP: 22/22 MP: 0/0
   170 | D:1      | Reached XP level 2. HP: 29/29 MP: 1/1
   696 | D:1      | Reached XP level 3. HP: 36/36 MP: 2/2
   795 | D:2      | Noticed Terence
   801 | D:2      | Reached skill level 4 in Unarmed Combat
   804 | D:2      | Killed Terence
   812 | D:2      | Reached XP level 4. HP: 45/45 MP: 3/3
   823 | D:2      | Found a shadowy altar of Dithmenos.
   843 | D:2      | Reached ** piety under Trog
  1010 | D:2      | Noticed Jessica
  1015 | D:2      | Killed Jessica
  1140 | D:2      | Found a snail-covered altar of Cheibriados.
  1175 | D:2      | Noticed Sigmund
  1183 | D:2      | Killed Sigmund
  1183 | D:2      | Reached skill level 5 in Unarmed Combat
  1183 | D:2      | Reached XP level 5. HP: 54/54 MP: 4/4
  1183 | D:2      | Reached XP level 6. HP: 62/62 MP: 5/5
  1437 | D:3      | Reached skill level 6 in Unarmed Combat
  1564 | D:3      | Noticed Grinder
  1588 | D:3      | Paralysed by Grinder for 2 turns
  1595 | D:3      | Killed Grinder
  1595 | D:3      | Reached XP level 7. HP: 20/71 MP: 6/6
  1770 | D:3      | Reached skill level 7 in Unarmed Combat
  2232 | D:4      | Noticed Eustachio
  2245 | D:4      | Killed Eustachio
  2440 | D:4      | Reached skill level 8 in Unarmed Combat
  2571 | D:4      | Reached skill level 5 in Fighting
  2584 | D:4      | Reached XP level 8. HP: 80/80 MP: 7/7
  2836 | D:4      | Found an ancient bone altar of Kikubaaqudgha.
  2850 | D:4      | Reached *** piety under Trog
  2903 | D:5      | Entered Level 5 of the Dungeon
  3031 | D:5      | Reached skill level 9 in Unarmed Combat
  3986 | D:6      | Reached XP level 9. HP: 89/89 MP: 8/8
  4097 | D:6      | Found Duesim's Antique Armour Emporium.
  4163 | D:6      | Noticed Prince Ribbit
  4173 | D:6      | Killed Prince Ribbit
  4173 | D:6      | Reached skill level 10 in Unarmed Combat
  4262 | D:6      | Found a staircase to the Ecumenical Temple.
  4718 | D:6      | Reached **** piety under Trog
  5165 | D:6      | Bought an embroidered robe for 70 gold pieces
  5679 | D:7      | Reached skill level 11 in Unarmed Combat
  5709 | D:7      | Noticed Joseph
  5723 | D:7      | Killed Joseph
  5723 | D:7      | Reached skill level 5 in Dodging
  5754 | D:7      | Reached XP level 10. HP: 98/100 MP: 9/9
  6440 | D:8      | Noticed a two-headed ogre
  6447 | D:8      | Killed a two-headed ogre
  6492 | D:8      | Found a basalt altar of Yredelemnul.
  6501 | D:8      | Found a glowing golden altar of the Shining One.
  6583 | D:8      | Found a runed door.
  6594 | D:8      | Noticed a sixfirhy
  6958 | D:8      | Noticed an angel
  6988 | D:9      | Reached skill level 12 in Unarmed Combat
  7052 | D:9      | Found a white marble altar of Elyvilon.
  7145 | D:9      | Reached ***** piety under Trog
  7284 | D:9      | Found a staircase to the Lair.
  7309 | D:9      | Received a gift from Trog
  7638 | D:9      | Reached XP level 11. HP: 111/111 MP: 10/10
  8008 | D:10     | Entered Level 10 of the Dungeon
  8201 | D:10     | Found a runed gate.
  8201 | D:10     | Found a runed gate.
  8201 | D:10     | Found a runed gate.
  8205 | D:10     | Noticed a white ugly thing
  8207 | D:10     | Noticed a brown ugly thing
  8207 | D:10     | Noticed a green ugly thing
  8207 | D:10     | Noticed a brown very ugly thing
  8207 | D:10     | Noticed a glowing orange brain
  8208 | D:10     | Noticed a purple ugly thing
  8253 | D:10     | Reached skill level 13 in Unarmed Combat
  8319 | D:10     | Found a staircase to the Orcish Mines.
  8860 | D:11     | Noticed Harold
  8869 | D:11     | Noticed an eight-headed hydra
  8916 | D:11     | Found a runed door.
  8919 | D:11     | Noticed a spriggan rider
  8919 | D:11     | Noticed DemiseSR's ghost (novice DDFi)
  8950 | D:11     | Noticed a two-headed ogre
  8960 | D:11     | Killed a two-headed ogre
  8964 | D:11     | Noticed a two-headed ogre
  8975 | D:11     | Killed a two-headed ogre
  9241 | D:11     | Noticed a two-headed ogre
  9413 | D:11     | Noticed Snorg
  9430 | D:11     | Killed Snorg
  9436 | D:11     | Killed Harold
  9436 | D:11     | Reached skill level 14 in Unarmed Combat
  9596 | D:10     | Killed a two-headed ogre
  9646 | Lair:1   | Entered Level 1 of the Lair of Beasts
  9716 | Lair:1   | Reached skill level 1 in Throwing
  9788 | Lair:1   | Reached XP level 12. HP: 79/123 MP: 11/11
 10324 | Lair:2   | Noticed Fannar
 10517 | Lair:2   | Found a staircase to the Shoals.
 10645 | Lair:2   | Killed Fannar
 10706 | Lair:2   | Noticed Sonja
 10731 | Lair:2   | Noticed a death yak
 10741 | Lair:2   | Killed a death yak
 10741 | Lair:2   | Reached skill level 1 in Shields
 10742 | Lair:2   | Noticed a death yak
 10742 | Lair:2   | Noticed a death yak
 10742 | Lair:2   | Noticed a death yak
 10829 | Lair:2   | Noticed a death yak
 10841 | Lair:2   | Killed a death yak
 10843 | Lair:2   | Killed a death yak
 10849 | Lair:2   | Killed a death yak
 10849 | Lair:2   | Reached skill level 15 in Unarmed Combat
 10854 | Lair:2   | Killed a death yak
 11001 | Lair:2   | Cast into level 1 of the Abyss (Sonja)
 11113 | Abyss:1  | Noticed a deep elf demonologist
 11123 | Abyss:1  | Killed a deep elf demonologist
 11135 | Abyss:1  | Gained mutation: Your magical capacity is low. (-10% MP) [a
                  | neqoxec]
 11260 | Abyss:1  | Noticed a starcursed mass
 11287 | Abyss:1  | Lost intelligence.
 11297 | Abyss:1  | Reached XP level 13. HP: 16/106 MP: 10/10
 11298 | Abyss:1  | HP: 2/159 [smoke demon/divine providence (15)]
 11298 | Abyss:1  | Killed from afar by a starcursed mass

Vault maps used:
D:1:      matt_arrival_spirals
D:2:      nicolae_dithmenos_shadow_blocks, lemuel_crystal_altar, uniq_jessica,
          uniq_sigmund, uniq_terence
D:3:      first_ration, corner_web_ring, uniq_grinder
D:4:      kennysheep_vampire_church, uniq_eustachio
D:6:      minmay_temple_entry_statues, serial_shops, nicolae_shop_statue_plus,
          uniq_prince_ribbit1
D:7:      uniq_joseph
D:8:      cheibrodos_shockbox, grunt_temple_overflow_holy_war
D:9:      elyvilon_altar_1, lair_entry_dummy, grunt_livestock,
          serial_bayou_lagoon_a
D:10:     orc_0_dummy, ploomutoo_gammafunk_ghost_potion_laboratory,
          kennysheep_generic_room_7
D:11:     ebering_ghost_funeral_grove, uniq_snorg, uniq_harold
Lair:1:   st_stairs_4, patterned_corridor
Lair:2:   elwin_shoals_entry_rooms, grunt_megastairs_3, uniq_sonja, uniq_fannar

Skill      XL: |  1  2  3  4  5  6  7  8  9 10 11 12 |
---------------+-------------------------------------+-----
Unarmed Combat | 4 5 6 8 9 11 12 14 15 | 15.4
Fighting       | 3 4 5 6 7 9 |  9.9
Dodging        | 3 5 6 7 |  7.5
Throwing       | 1 4 |  4.4
Shields        | 3 |  3.1

Action                   |  1- 3 |  4- 6 |  7- 9 | 10-12 | 13-15 || total
-------------------------+-------+-------+-------+-------+-------++-------
Melee: Unarmed           |    59 |    56 |   287 |   502 |       ||   904
       Punch             |       |       |    12 |    27 |       ||    39
Throw: Stone             |       |       |     6 |       |       ||     6
       Javelin           |       |       |       |     2 |       ||     2
Invok: Berserk           |     2 |     5 |    11 |    21 |       ||    39
       Trog's Hand       |       |     3 |     8 |    26 |       ||    37
       Brothers in Arms  |       |       |       |     1 |       ||     1
  Use: Scroll            |       |       |    14 |    13 |       ||    27
       Potion            |       |       |       |     4 |     1 ||     5
  Eat: Chunk             |    13 |    14 |    53 |    69 |       ||   149
       Ration            |       |       |       |     2 |       ||     2
Armor: Animal skin       |    12 |     8 |    61 |       |       ||    81
       Robe              |       |       |    15 |    84 |       ||    99
       Troll leather arm |       |       |       |    70 |       ||    70
       Steam dragon scal |       |       |       |     3 |       ||     3
       Skin              |       |       |       |    23 |     5 ||    28
Dodge: Dodged            |    29 |    22 |   118 |   294 |       ||   463
Block: Large shield      |       |       |       |   115 |     4 ||   119

Table legend:
 A = Non-vault XP
 B = Vault XP
 C = Vault XP percentage of total XP
 D = Non-vault monster count
 E = Vault monster count
 F = Vault count percentage of total count
                 A         B        C        D         E       F
            +---------+---------+-------+---------+---------+-------
      Total |   29778 |    8471 |  22.1 |     321 |      35 |   9.8
            +---------+---------+-------+---------+---------+-------
        D:1 |      45 |       0 |   0.0 |      21 |       0 |   0.0
        D:2 |      25 |     319 |  92.7 |       8 |       3 |  27.3
        D:3 |     206 |     286 |  58.1 |      22 |       1 |   4.3
        D:4 |     573 |     372 |  39.4 |      19 |      10 |  34.5
        D:5 |     747 |       0 |   0.0 |      18 |       0 |   0.0
        D:6 |     804 |     286 |  26.2 |      28 |       1 |   3.4
        D:7 |    2212 |     439 |  16.6 |      41 |       1 |   2.4
        D:8 |    1593 |       0 |   0.0 |      16 |       0 |   0.0
        D:9 |    2785 |     962 |  25.7 |      43 |       5 |  10.4
       D:10 |    3022 |     620 |  17.0 |      45 |       3 |   6.2
       D:11 |    4021 |    2182 |  35.2 |      20 |       2 |   9.1
     Lair:1 |    1458 |     143 |   8.9 |       5 |       1 |  16.7
     Lair:2 |    5921 |    2862 |  32.6 |      12 |       8 |  40.0
    Abyss:1 |    6366 |       0 |   0.0 |      23 |       0 |   0.0
            +---------+---------+-------+---------+---------+-------
